 Dungeon Crawl Stone Soup version 0.27-a0-1196-g3e9cee4cb2 (webtiles) character file.

Game seed: 1650678797639499091

1206 bande the Shield-Bearer (level 8, -18/52 HPs)
             Began as a Gargoyle Fighter on May 30, 2021.
             Was an Initiate of Okawaru.
             Demolished by a two-headed ogre
             ... wielding a +0 giant club
              (28 damage)
             ... on level 6 of the Dungeon.
             The game lasted 00:13:26 (6516 turns).

bande the Shield-Bearer (Gargoyle Fighter)          Turns: 6516, Time: 00:13:27

Health: -18/52     AC: 17    Str: 20    XL:     8   Next: 45%
Magic:  9/9        EV:  8    Int: 10    God:    Okawaru [......]
Gold:   183        SH: 11    Dex: 12    Spells: 7/7 levels left

rFire    + . .     SeeInvis .   a - +0 war axe
rCold    . . .     Faith    .   c - +1 kite shield
rNeg     + . .     Spirit   .   e - +2 scale mail {rF+}
rPois    ∞         Reflect  .   i - +0 helmet
rElec    +         Harm     .   k - +0 cloak
rCorr    .         Rampage  .   (no gloves)
Will     .....                  (no boots)
Stlth    ..........             (no amulet)
HPRegen  0.17/turn              (no ring)
MPRegen  0.11/turn              (no ring)

@: no status effects
A: sickness immunity, AC +5, negative energy resistance 1, electricity
resistance, torment resistance 1, petrification resistance, agile 1, robust 1,
wild magic 1
a: Renounce Religion


You were on level 6 of the Dungeon.
You worshipped Okawaru.
Okawaru was noncommittal.
You visited 2 branches of the dungeon, and saw 7 of its levels.

You collected 183 gold pieces.

Inventory:

Hand Weapons
 a - a +0 war axe (weapon)
Armour
 c - a +1 kite shield (worn)
 e - a +2 scale mail of fire resistance (worn)
 i - a +0 helmet (worn)
 k - a +0 cloak (worn)
Wands
 h - a wand of iceblast (5)
 q - a wand of paralysis (7)
Scrolls
 f - a scroll of amnesia
 l - 6 scrolls of magic mapping
 m - 2 scrolls of teleportation
 n - 2 scrolls of enchant armour
 r - a scroll of blinking
Potions
 b - 3 potions of attraction {unknown}
 d - 2 potions of might
 g - 2 potions of heal wounds
 j - a potion of flight
 o - a potion of curing
 p - a potion of mutation
 s - a potion of ambrosia


   Skills:
 + Level 4.7 Fighting
 + Level 5.3 Axes
 + Level 5.2 Armour
 - Level 1.9 Dodging
 - Level 0.1 Stealth
 + Level 5.5 Shields
 * Level 1.6 Invocations
 * Level 3.2 Evocations


You had 7 spell levels left.
You didn't know any spells.
Your spell library was empty.

Dungeon Overview and Level Annotations

Branches:
Dungeon (6/15)             Temple (1/1) D:5

Altars:
Ashenzari
Dithmenos
Elyvilon
Fedhas
Okawaru
Ru
Sif Muna
Uskayaw
Vehumet
Wu Jian
Xom
Yredelemnul


Innate Abilities, Weirdness & Mutations

You are immune to sickness and miasma.
Your stone body is resilient. (AC +5)
You are immune to poison.
You resist negative energy. (rN+)
You are resistant to electric shocks. (rElec)
You are resistant to unholy torment.
You are immune to petrification.
You are agile. (Dex +2)
You are robust. (+10% HP)
Your spells are a little harder to cast, but a little more powerful.


Message History

You completely miss the adder.
The adder is heavily wounded.
You block the adder's attack. x2
You slash the adder!
You kill the adder!
Okawaru accepts your kill.
No target in view!
No target in view!
No target in view!
No target in view!
HP restored.
You see here an adder corpse.
Found a mace.
Found an escape hatch in the floor.
Found a leather armour.
r - a scroll of blinking
Okay, then.
You see here a +0 mace.
A two-headed ogre comes into view. It is wielding two +0 giant clubs.
The two-headed ogre shouts in stereo!
You hit the two-headed ogre.
The two-headed ogre is lightly wounded.
The two-headed ogre hits you with a +0 giant club!
The two-headed ogre hits you but does no damage.
You hit the two-headed ogre but do no damage.
The two-headed ogre is lightly wounded.
You block the two-headed ogre's attack. The two-headed ogre closely misses you.
You slash the two-headed ogre!
The two-headed ogre is moderately wounded.
You block the two-headed ogre's attack.
The two-headed ogre hits you with a +0 giant club.
You slash the two-headed ogre!
The two-headed ogre is heavily wounded.
The two-headed ogre hits you with a +0 giant club!!
Ouch! That really hurt!
* * * LOW HITPOINT WARNING * * *
The two-headed ogre closely misses you.
The two-headed ogre hits you with a +0 giant club!!
Ouch! That really hurt!
You die...

.........##.#
.####.##..#)####
#....#.....#
#######..####.#
#..........##.# #
#.#####..#.##.# .#
###.......# ..#.
#........#####....#
#.##.....#.@O....#
#†##>............#
#<##.....#.......#
#.##.....#####....#
#.##.#.### ...#.
#......# ..#
..##.### .# #.##.#
## #.##


You could see a two-headed ogre.

Vanquished Creatures
  2 ogres (D:5)
  2 necrophages (D:5)
  A centaur (D:5)
  A phantom (D:5)
  2 scorpions (D:5)
  3 orc priests
  A jelly (D:5)
  Crazy Yiuf (D:2)
  2 hounds (D:4)
  Jessica (D:2)
  2 iguanas (D:5)
  2 orc wizards
  A hound skeleton (D:4)
  Robin (D:2)
  8 adders
  2 white imps (D:5)
  2 ufetubi (D:4)
  2 adder skeletons (D:4)
  2 dart slugs
  15 orcs
  7 ball pythons
  5 bats
  7 endoplasms
  3 giant cockroaches
  12 goblins
  14 hobgoblins
  12 jackals
  9 kobolds
  4 quokkas
  3 frilled lizards
  11 rats
140 creatures vanquished.

Vanquished Creatures (others)
  6 plants (D:4)
6 creatures vanquished.

Grand Total: 146 creatures vanquished

Notes
Turn   | Place    | Note
-------+----------+-------------------------------------------
     0 | D:1      | bande the Gargoyle Fighter began the quest for the Orb.
     0 | D:1      | Reached XP level 1. HP: 14/14 MP: 1/1
   210 | D:1      | Reached XP level 2. HP: 19/19 MP: 2/2
   312 | D:1      | Identified a scroll of acquirement
   312 | D:1      | Acquired a +2 scale mail of fire resistance
   552 | D:1      | Reached XP level 3. HP: 23/23 MP: 3/3
  1360 | D:2      | Reached XP level 4. HP: 29/29 MP: 4/4
  1719 | D:2      | Found a faded altar of an unknown god.
  1858 | D:2      | Noticed Jessica
  1862 | D:2      | Killed Jessica
  1863 | D:2      | Reached XP level 5. HP: 33/33 MP: 5/5
  1946 | D:2      | Noticed Robin
  1958 | D:2      | Killed Robin
  2143 | D:2      | Found a runed translucent door.
  2144 | D:2      | Noticed Crazy Yiuf
  2294 | D:2      | Killed Crazy Yiuf
  2295 | D:2      | Reached skill level 1 in Dodging
  2461 | D:3      | Gained mutation: You are agile. (Dex +2) [potion of
                  | mutation]
  2461 | D:3      | Gained mutation: You are robust. (+10% HP) [potion of
                  | mutation]
  2461 | D:3      | Gained mutation: Your spells are a little harder to cast,
                  | but a little more powerful. [potion of mutation]
  2482 | D:3      | Found a broken altar of Ashenzari.
  2619 | D:3      | Found a basalt altar of Yredelemnul.
  3570 | D:4      | Reached skill level 1 in Evocations
  3580 | D:4      | Reached XP level 6. HP: 41/41 MP: 6/6
  3706 | D:4      | Found a shadowy altar of Dithmenos.
  5006 | D:5      | Entered Level 5 of the Dungeon
  5028 | D:4      | Reached XP level 7. HP: 46/47 MP: 7/7
  5473 | D:5      | Found a staircase to the Ecumenical Temple.
  5484 | D:5      | Reached skill level 5 in Shields
  5671 | Temple   | Entered the Ecumenical Temple
  5821 | Temple   | Became a worshipper of Warmaster Okawaru
  5905 | D:5      | Reached XP level 8. HP: 51/52 MP: 8/8
  5908 | D:5      | Reached skill level 5 in Armour
  6004 | D:5      | Reached skill level 5 in Axes
  6094 | D:5      | Reached skill level 1 in Invocations
  6138 | D:5      | Found a blossoming altar of Fedhas.
  6509 | D:6      | Noticed a two-headed ogre
  6516 | D:6      | Demolished by a two-headed ogre

Illustrated notes

Levels and vault maps discovered:
D:1:      minmay_arrival_jagged, layout_basic, chequers_serial_rivers_large_b
D:2:      layout_loops_cross, ebering_ecumenical_altar_box, st_stairs_5,
          minmay_split_cup_small, uniq_jessica, uniq_crazy_yiuf_cottage,
          uniq_robin
D:3:      layout_basic, ashenzari_altar_1, lemuel_crystal_altar,
          chequers_serial_rivers_small_3, minmay_hedge_maze
D:4:      layout_basic, nicolae_dithmenos_through_a_glass_darkly, serial_forest,
          infiniplex_forest_end_1, infiniplex_forest_clump_double,
          infiniplex_forest_end_2, infiniplex_forest_fountain,
          infiniplex_forest_clump_small, infiniplex_forest_clump_small,
          infiniplex_forest_clump_medium, infiniplex_forest_lined_room_3,
          infiniplex_forest_3_way
D:5:      layout_loops_cross, marbit_many_paths, temple_fountains, minivault_11
D:6:      layout_loops_cross, lemuel_doored_altar, minivault_19,
          minmay_misc_feat_ornament
Temple:   minmay_temple_curvy_branch

Skill      XL: |  1  2  3  4  5  6  7  8 |
---------------+-------------------------+-----
Axes           | 2 3 4 5 |  5.3
Shields        | 4 5 |  5.5
Dodging        | 1 |  1.9
Evocations     | 1 2 3 |  3.2
Armour         | 4 5 |  5.2
Fighting       | 4 |  4.7
Invocations    | 1 |  1.6
Stealth        | |  0.1

Action                   |  1- 3 |  4- 6 |  7- 9 || total
-------------------------+-------+-------+-------++-------
Melee: War axe           |    90 |   262 |   138 ||   490
  Use: Scroll            |     5 |     6 |     3 ||    14
       Potion            |       |     3 |     1 ||     4
Armor: Scale mail        |    58 |   217 |    70 ||   345
Dodge: Dodged            |    24 |   105 |    46 ||   175
Block: Kite shield       |    60 |   196 |    83 ||   339

Table legend: (Time is in decaauts)
 A = Elapsed time spent in this place.
 B = Non-inter-level travel time spent in this place.
 C = Inter-level travel time spent in this place.
 D = Time resting spent in this place.
 E = Time spent auto-exploring this place.
 F = Levels seen in this place.
 G = Mean time per level.
                   A        B        C        D        E       F      G
               +--------+--------+--------+--------+--------+-----+--------+
         Total |   6811 |   6753 |     58 |    710 |   4472 |   7 |  973.0 |
       Dungeon |   6625 |   6567 |     58 |    710 |   4327 |   6 | 1104.2 |
        Temple |    185 |    185 |      0 |      0 |    145 |   1 |  185.0 |
               +--------+--------+--------+--------+--------+-----+--------+

Top non-repeatable levels by time:
     D:4: 1558 daAuts
     D:2: 1446 daAuts
     D:5: 1298 daAuts
     D:1: 1136 daAuts
     D:3: 1111 daAuts
  Temple: 185 daAuts
     D:6: 73 daAuts
